Map: 乌雷纳

Players

平步青云

  • Race: Terran Terran

电脑难度 (极难) - Winner!

  • Race: Zerg Zerg

VOD

Have the link to the VOD?

Description

Time

  • Played on: Dec. 29, 2015, 8:47 a.m.
  • Length: 18:32
Show
View Real Time Build Order
Export as new Build Order

平步青云 Terran 

Build Orders: Bio Tank 

Get SALT Encoding   

  12  0:01  SCV  
  13  0:13  SCV  
  14  0:20  Supply Depot  
  14  0:25  SCV  
  15  0:41  SCV  
  16  0:47  Barracks  
  16  0:54  SCV  
  17  1:06  SCV  
  18  1:18  Refinery  
  18  1:20  SCV  
  19  1:32  SCV  
  20  1:34  Marine  
  20  1:39  Barracks  
  21  1:52  Supply Depot, Marine  
  21  1:53  SCV  
  23  2:14  SCV  
  23  2:15  Marine  
  25  2:27  Barracks Tech Lab  
  25  2:30  SCV  
  25  2:34  Refinery  
  26  2:40  Factory  
  26  2:42  SCV  
  27  3:01  Command Center  
  27  3:02  Marine  
  28  3:10  Barracks Reactor  
  29  3:13  Orbital Command  
  28  3:20  Marine  
  28  3:26  Engineering Bay  
  29  3:32  Supply Depot  
  29  3:36  Factory Tech Lab  
  29  3:38  Marine  
  30  3:53  Marine x2  
  30  3:55  Supply Depot  
  32  3:56  Combat Shields  
  32  4:01  Marauder  
  34  4:18  Supply Depot, Starport  
  34  4:21  Hellion  
  34  4:23  Marine  
  37  4:25  SCV  
  37  4:28  SCV  
  39  4:35  Refinery  
  39  4:40  SCV, Marine  
  39  4:43  Hellion  
  43  4:59  Factory  
  43  5:08  Supply Depot  
  43  5:15  Concussive Shells  
  43  5:16  SCV  
  43  5:18  SCV  
  45  5:30  Terran Infantry Weapons Level 1  
  45  5:32  Supply Depot  
  45  5:37  Hellion  
  45  5:39  Marine x2  
  49  5:44  Marauder  
  49  5:46  Starport  
  49  5:47  Medivac  
  53  5:51  Factory Tech Lab  
  53  5:54  SCV  
  53  5:56  SCV  
  55  5:58  Stimpack  
  55  6:04  Marine  
  55  6:06  SCV, Marauder  
  55  6:08  SCV  
  60  6:19  Siege Tank  
  60  6:24  Marine x2  
  65  6:30  SCV  
  66  6:39  Supply Depot  
  66  6:42  SCV  
  67  6:52  Siege Tank  
  70  6:54  SCV  
  71  7:02  Refinery  
  71  7:03  Supply Depot  
  71  7:04  SCV  
  71  7:06  SCV  
  71  7:07  Marine  
  74  7:16  SCV  
  74  7:18  SCV  
  76  7:24  Terran Infantry Armor Level 1  
  76  7:25  Siege Tank  
  76  7:26  Supply Depot  
  79  7:30  SCV  
  79  7:35  Marine x2  
  79  7:36  Marauder  
  84  7:42  SCV  
  85  7:46  Medivac  
  85  7:47  Medivac  
  85  7:48  Supply Depot  
  85  7:49  Siege Tank  
  92  7:53  Marine x2  
  92  7:57  Marauder  
  96  8:11  Supply Depot  
  96  8:14  Marine x2  
  96  8:16  Siege Tank  
  96  8:18  Medivac  
  96  8:19  Marauder  
  105  8:30  Planetary Fortress  
  105  8:34  Supply Depot  
  90  9:08  Marine x2  
  90  9:09  Marauder  
  87  9:11  Medivac x2  
  95  9:23  Siege Tank  
  94  9:33  Siege Tank, Marine  
  94  9:34  Marine  
  94  9:36  Marauder  
  101  9:41  Medivac x2  
  105  9:51  Marine x2  
  107  9:56  Siege Tank  
  110  10:09  Marine x2  
  110  10:11  Marine  
  113  10:16  Starport Tech Lab  
  113  10:17  Starport Tech Lab  
  113  10:27  Missile Turret, Marine  
  114  10:29  Marauder  
  114  10:31  Supply Depot  
  116  10:42  Marine  
  116  10:45  Marine  
  118  10:50  Marauder, Fusion Core  
  118  10:54  Supply Depot  
  120  11:00  Marine  
  120  11:03  Marine  
  122  11:11  Siege Tank x2  
  122  11:12  Marauder  
  122  11:14  Viking x2  
  122  11:17  Supply Depot  
  122  11:18  Marine  
  134  11:20  Marine  
  136  11:33  Marauder  
  136  11:36  Marine  
  136  11:38  Marine  
  140  11:43  Siege Tank x2  
  140  11:44  Viking  
  148  11:47  Command Center  
  148  11:54  Marauder, Marine  
  144  11:56  Marine  
  89  12:16  Marauder  
  89  12:20  Marine  
  89  12:21  Marine  
  90  12:29  Siege Tank  
  93  12:30  Siege Tank  
  93  12:33  Viking  
  98  12:37  Marauder  
  98  12:38  Marine x2  
  102  12:59  Marauder  
  102  13:02  Siege Tank x2  
  110  13:06  Banshee  
  110  13:10  Banshee  
  116  13:25  Supply Depot  
  116  13:42  SCV  
  116  13:48  Supply Depot  
  117  13:49  Banshee  
  117  13:53  Banshee, SCV  
  117  13:54  SCV  
  125  13:58  Marine x2  
  125  13:59  Marauder  
  129  14:05  SCV  
  129  14:06  SCV  
  129  14:07  Siege Tank x2  
  137  14:11  Supply Depot  
  137  14:16  Marine x2  
  139  14:17  SCV  
  139  14:18  SCV  
  139  14:21  Marauder  
  143  14:29  SCV  
  144  14:32  Banshee  
  144  14:34  Supply Depot  
  144  14:35  Banshee  
  150  14:59  Supply Depot  
  135  15:14  Banshee  
  135  15:19  Battlecruiser  
  130  15:32  Marine x3  
  133  15:49  Marine  
  133  15:50  Marine x2  
  136  15:57  Viking  
  138  16:08  Marauder  
  140  16:13  Command Center  
  140  16:23  Viking  
  142  16:27  Viking  
  144  16:41  Refinery  
  144  16:44  Refinery  
  144  16:53  Viking  
  146  16:57  Viking  
Show
View Real Time Build Order
Export as new Build Order

电脑难度 (极难) Zerg - Winner!

Build Orders: Pool First 

Get SALT Encoding   

  12  0:00  Drone  
  13  0:12  Overlord  
  13  0:17  Drone  
  14  0:30  Drone x2  
  14  0:34  Drone  
  17  0:48  Spawning Pool  
  17  0:49  Drone  
  17  1:11  Hatchery  
  17  1:13  Drone  
  17  1:15  Extractor  
  17  1:18  Drone  
  17  1:20  Extractor  
  17  1:24  Drone  
  17  1:28  Drone  
  18  1:38  Drone  
  19  1:49  Overlord  
  19  1:55  Queen  
  19  2:01  Zergling x2  
  22  2:10  Drone  
  22  2:21  Drone  
  23  2:28  Queen  
  25  2:34  Drone  
  26  2:39  Drone  
  26  2:42  Drone  
  28  2:46  Drone  
  29  2:59  Roach Warren  
  29  3:01  Drone  
  29  3:04  Drone  
  30  3:08  Zergling x2  
  30  3:11  Zergling x2  
  32  3:17  Overlord  
  32  3:20  Drone  
  32  3:23  Drone  
  34  3:39  Roach x3  
  40  3:42  Roach  
  40  3:47  Lair  
  42  3:51  Overlord  
  42  3:56  Overlord  
  42  3:59  Zergling x2  
  42  4:02  Zergling x2  
  44  4:09  Drone, Zergling x2  
  47  4:10  Drone  
  47  4:12  Drone  
  47  4:14  Drone  
  47  4:17  Drone  
  50  4:21  Overlord  
  50  4:25  Roach  
  50  4:29  Roach  
  54  4:32  Roach  
  54  4:35  Roach  
  58  4:39  Overlord  
  58  4:45  Drone  
  59  4:47  Drone  
  59  4:48  Hydralisk Den  
  59  4:50  Drone  
  60  4:53  Roach  
  60  4:55  Roach  
  64  5:00  Overlord  
  64  5:06  Drone  
  65  5:08  Drone  
  65  5:11  Drone  
  65  5:12  Drone  
  69  5:14  Drone  
  69  5:16  Drone  
  69  5:18  Drone, Hydralisk  
  73  5:21  Hydralisk  
  73  5:25  Overlord  
  73  5:28  Drone  
  76  5:29  Drone  
  76  5:31  Drone  
  76  5:33  Drone  
  76  5:35  Drone  
  80  5:40  Drone  
  80  5:42  Drone  
  82  5:43  Infestation Pit  
  82  5:48  Overlord  
  81  5:50  Drone  
  81  5:51  Ravager x2  
  81  5:54  Roach  
  81  5:56  Roach  
  88  5:58  Hydralisk  
  90  6:05  Hydralisk  
  90  6:06  Roach  
  90  6:07  Overlord  
  90  6:10  Roach  
  96  6:13  Roach  
  96  6:14  Metabolic Boost  
  98  6:20  Infestor  
  98  6:25  Overlord, Infestor  
  102  6:27  Extractor  
  101  6:33  Extractor  
  101  6:34  Infestor  
  101  6:36  Hatchery  
  101  6:49  Evolution Chamber  
  101  6:50  Drone x4, Overlord  
  104  6:55  Drone x2  
  104  6:56  Drone  
  104  6:59  Infestor  
  109  7:05  Evolution Chamber  
  109  7:06  Drone  
  109  7:10  Evolution Chamber  
  109  7:12  Drone  
  109  7:16  Spine Crawler, Zerg Melee Weapons Level 1  
  109  7:20  Spine Crawler  
  107  7:25  Overseer  
  107  7:30  Zerg Missile Weapons Level 1  
  107  7:36  Zerg Ground Armor Level 1  
  107  7:40  Hydralisk  
  109  7:45  Overlord, Hydralisk  
  109  7:48  Queen  
  109  7:49  Drone x4  
  109  7:50  Drone x4  
  109  7:51  Drone x3  
  123  7:54  Drone  
  123  7:55  Drone  
  123  7:56  Extractor  
  123  7:57  Drone  
  126  7:59  Drone  
  126  8:00  Drone  
  126  8:02  Drone  
  129  8:08  Overlord  
  129  8:09  Drone  
  129  8:10  Spore Crawler  
  129  8:13  Drone  
  129  8:15  Spore Crawler  
  129  8:17  Lurker Den  
  129  8:19  Drone x2  
  131  8:21  Drone  
  131  8:22  Drone  
  131  8:23  Drone  
  131  8:24  Drone  
  131  8:26  Drone  
  136  8:28  Overlord  
  136  8:29  Ravager  
  136  8:30  Roach  
  136  8:31  Ravager  
  136  8:33  Roach  
  141  8:35  Roach  
  143  8:45  Roach  
  143  8:47  Overlord, Zergling x4  
  145  8:48  Baneling Nest  
  145  8:51  Zergling x6  
  145  8:52  Zergling x4  
  145  8:53  Roach, Zergling x2  
  145  8:54  Zergling x2  
  148  8:58  Zergling x2  
  139  9:03  Roach  
  139  9:04  Roach  
  139  9:08  Hydralisk  
  121  9:14  Ravager, Roach  
  121  9:15  Ravager, Roach  
  125  9:17  Ravager  
  125  9:18  Extractor  
  125  9:19  Roach  
  125  9:21  Hydralisk, Roach  
  125  9:22  Roach  
  125  9:23  Hydralisk, Roach x2  
  138  9:25  Roach  
  138  9:27  Hydralisk  
  138  9:28  Overlord  
  142  9:32  Hydralisk, Baneling  
  142  9:34  Baneling, Zergling x2  
  142  9:35  Baneling  
  142  9:37  Baneling, Zergling x2  
  146  9:40  Baneling  
  146  9:41  Drone x2, Baneling x2, Zergling x2  
  149  9:46  Lurker  
  149  9:47  Overlord, Hydralisk  
  149  9:52  Lurker  
  153  9:54  Hydralisk  
  153  9:57  Roach  
  153  9:59  Spine Crawler, Roach  
  158  10:01  Spine Crawler  
  158  10:02  Drone  
  158  10:06  Overlord  
  158  10:11  Hive  
  158  10:26  Spine Crawler  
  157  10:29  Spore Crawler, Zerg Melee Weapons Level 2  
  157  10:31  Spine Crawler  
  157  10:33  Hatchery  
  154  10:38  Zerg Missile Weapons Level 2  
  154  10:41  Spore Crawler  
  153  10:43  Spore Crawler  
  152  10:52  Spore Crawler  
  152  10:53  Zerg Ground Armor Level 2  
  151  11:02  Queen  
  153  11:10  Spine Crawler  
  152  11:22  Viper x2  
  152  11:24  Spine Crawler  
  157  11:27  Spore Crawler  
  156  11:45  Drone x2  
  156  11:46  Drone x4  
  156  11:47  Drone x3  
  163  11:48  Drone x3  
  163  11:49  Drone x3, Spine Crawler, Overlord  
  163  11:50  Baneling, Zergling x2  
  163  11:52  Zergling x2, Baneling  
  163  11:53  Infestor, Overseer, Zergling x2  
  163  11:54  Roach, Zergling x4  
  172  11:55  Drone, Zergling x2, Extractor  
  172  11:56  Zergling x6  
  172  11:58  Zergling x2  
  172  11:59  Spore Crawler, Overseer, Hydralisk  
  172  12:00  Drone, Extractor  
  166  12:01  Drone  
  166  12:02  Hatchery, Drone, Roach x2  
  166  12:05  Roach x2  
  166  12:06  Roach  
  165  12:10  Overseer  
  165  12:12  Spire  
  146  12:17  Drone, Baneling  
  146  12:18  Baneling x3  
  146  12:22  Zergling x2  
  148  12:26  Zergling x2  
  148  12:27  Zergling x2  
  148  12:29  Zergling x2  
  151  12:38  Infestor  
  153  12:45  Infestor  
  155  12:54  Zerg Melee Weapons Level 3  
  155  12:57  Drone  
  155  13:06  Spine Crawler  
  155  13:07  Drone  
  155  13:13  Zerg Missile Weapons Level 3  
  155  13:15  Queen  
  155  13:16  Zergling x2  
  158  13:24  Mutalisk x2  
  158  13:25  Mutalisk, Pneumatized Carapace  
  158  13:26  Corruptor x2  
  166  13:27  Extractor  
  166  13:28  Drone, Greater Spire  
  166  13:31  Extractor  
  166  13:33  Hatchery, Drone  
  167  13:35  Drone  
  168  13:46  Spine Crawler  
  168  13:47  Drone  
  168  13:55  Spine Crawler  
  167  13:56  Drone, Spine Crawler  
  167  13:57  Drone  
  167  13:58  Spine Crawler  
  167  13:59  Drone  
  168  14:19  Zergling x2  
  168  14:20  Zergling x2  
  170  14:26  Zerg Ground Armor Level 3, Drone, Spine Crawler  
  170  14:27  Infestor  
  172  14:32  Mutalisk x2  
  172  14:33  Overlord, Spore Crawler  
  172  14:34  Mutalisk x2, Drone  
  172  14:35  Spore Crawler, Drone  
  172  14:36  Baneling x2  
  172  14:37  Baneling  
  172  14:38  Spore Crawler  
  179  14:39  Drone  
  179  14:40  Corruptor  
  179  14:41  Brood Lord  
  179  14:44  Spire  
  183  14:46  Drone, Queen  
  186  14:53  Drone, Extractor  
  186  14:56  Ultralisk Cavern, Zergling x2  
  186  14:57  Drone, Zergling x8  
  186  14:58  Zergling x8  
  185  15:04  Corruptor  
  185  15:05  Hydralisk, Zergling x2  
  163  15:08  Roach x2  
  163  15:10  Roach  
  163  15:11  Roach  
  163  15:13  Roach  
  146  15:14  Baneling x2  
  146  15:15  Hydralisk, Baneling  
  146  15:17  Hydralisk  
  146  15:18  Zergling x2  
  146  15:20  Zergling x2  
  150  15:22  Mutalisk, Baneling  
  150  15:25  Mutalisk  
  150  15:27  Mutalisk  
  155  15:31  Mutalisk  
  155  15:34  Spine Crawler  
  156  15:36  Drone  
  156  15:37  Spine Crawler  
  156  15:38  Drone  
  156  15:40  Brood Lord  
  156  15:41  Corruptor  
  161  15:46  Ultralisk  
  173  15:50  Ultralisk  
  179  15:57  Ultralisk  
  179  16:05  Ultralisk  
  185  16:12  Ultralisk  
  185  16:16  Brood Lord  
  193  16:19  Corruptor  
  195  16:26  Brood Lord  
  195  16:29  Corruptor  
  195  16:30  Spore Crawler, Drone  
  199  16:36  Spore Crawler  
  198  16:52  Pathogen Glands  
  198  16:56  Drone, Spine Crawler  
  198  16:58  Brood Lord  
  198  16:59  Drone, Spine Crawler  
  199  17:16  Drone, Corruptor  
  199  17:17  Mutalisk x2  
  199  17:18  Hydralisk, Zergling x2  
  199  17:19  Zergling x6  
  199  17:20  Mutalisk x2  
  199  17:21  Infestor  
  199  17:24  Hydralisk  
  199  17:25  Hydralisk  
  199  17:26  Zergling x2  
  199  17:28  Roach x2  
  199  17:29  Roach  
  181  17:30  Roach  
  181  17:31  Roach  
  181  17:35  Mutalisk  
  174  17:41  Infestor  
  174  17:44  Spore Crawler, Drone  
  173  17:45  Corruptor  
  173  17:46  Spore Crawler  
  173  17:48  Drone, Baneling x2  
  173  17:51  Zergling x2  
  174  17:53  Zergling x2  
  168  18:20  Extractor  
Tags
 
Composition
Bio Tank
Matchup
TvZ
Opening
Pool First
Replay Pack
中心协议 (3)
Add a new tag
Caveats
  • Supply blocks, unpowered buildings, or Contaminate may cause inaccurate times.
  • Supply counts are checked every 10 seconds.